 Dungeon Crawl Stone Soup version 0.32-a0-799-g95e1662365 (webtiles) character file.

Game seed: 14017869298970933037

673 adelrune the Chopper (level 7, -2/55 HPs)
             Began as a Demonspawn Gladiator on Mar 21, 2024.
             Slain by an iguana (6 damage)
             ... on level 5 of the Dungeon.
             The game lasted 00:11:05 (3587 turns).

adelrune the Chopper (Demonspawn Gladiator)         Turns: 3587, Time: 00:11:05

Health: -2/55      AC:  9    Str: 16    XL:     7   Next: 33%
Magic:  7/7        EV:  7    Int:  9    God:
Gold:   257        SH:  0    Dex: 14    Spells: 6/6 levels left

rFire   . . .        q - +2 hand axe (elec)
rCold   + . .        (no shield)
rNeg    . . .        t - +0 chain mail
rPois   .            (helmet unavailable)
rElec   .            (no cloak)
rCorr   .            (no gloves)
SInv    .            (no boots)
Will    .....        (no amulet) Stlth
                     s - ring of protection from cold
HPRegen 0.29/turn    (no ring)
MPRegen 0.10/turn

%: no passive effects
@: on fire, glowing
A: horns 3, foul shadow 1
a: no special abilities


You were on level 5 of the Dungeon.
You visited 1 branch of the dungeon, and saw 5 of its levels.

You collected 257 gold pieces.

Inventory:

Hand Weapons
 a - a +0 war axe
 j - a +2 whip of electrocution
 q - a +2 hand axe of electrocution (weapon)
Missiles
 d - 3 throwing nets (quivered)
 e - a javelin
Armour
 b - a +0 leather armour
 c - a +0 helmet
 t - a +0 chain mail (worn)
Jewellery
 s - a ring of protection from cold (left hand)
Wands
 o - a wand of flame (34)
Scrolls
 g - a scroll of enchant weapon {unknown}
 h - 5 scrolls of identify {unknown}
 k - a scroll of immolation {unknown}
 n - 2 scrolls of blinking {unknown}
 p - a scroll of teleportation {unknown}
 u - a scroll of revelation {unknown}
 v - a scroll of fear {unknown}
 x - a scroll of amnesia {unknown}
 y - a scroll of vulnerability {unknown}
 A - a scroll of torment {unknown}
 C - a scroll of enchant armour {unknown}
Potions
 f - a potion of mutation {unknown}
 i - a potion of cancellation {unknown}
 l - 3 potions of might {unknown}
 m - a potion of attraction {unknown}
 r - 2 potions of degeneration {unknown}
 w - a potion of brilliance {unknown}
 z - a potion of invisibility {unknown}
 B - a potion of haste {unknown}


   Skills:
 + Level 4.3 Fighting
 * Level 5.5(5.6) Axes
 - Level 1.6(3.8) Maces & Flails
 - Level 1.7 Throwing
 + Level 3.4 Armour
 - Level 2.6 Dodging


You had 6 spell levels left.
You didn't know any spells.
Your spell library contained the following spells:

 Spells                   Type           Power      Damage    Failure   Level
 Apportation              Tloc           0%         N/A       99%         1
 Magic Dart               Conj           0%         1d3       99%         1
 Necrotise                Necr           0%         1d4       99%         1
 Sting                    Conj/Alch      0%         1d3       99%         1
 Summon Small Mammal      Summ           0%         N/A       99%         1
 Blink                    Tloc           0%         N/A       100%        2
 Call Imp                 Summ           0%         N/A       100%        2
 Fugue of the Fallen      Necr           0%         N/A       100%        3
 Ozocubu's Armour         Ice            0%         N/A       100%        3
 Cause Fear               Hex            0%         N/A       100%        4
 Manifold Assault         Tloc           0%         N/A       100%        4
 Fireball                 Conj/Fire      0%         3d3       100%        5
 Summon Forest            Summ/Tloc      0%         N/A       100%        5
 Eringya's Noxious Bog    Alch           0%         4d6       100%        6
 Summon Hydra             Summ           0%         N/A       100%        7
 Dragon's Call            Summ           0%         N/A       100%        9


Dungeon Overview and Level Annotations

Branches:
Dungeon (5/15)
 Temple: D:4-7

Altars:
Uskayaw
Vehumet
Xom


Innate Abilities, Weirdness & Mutations

You have a pair of large horns on your head.
You are faintly shadowed, very rarely releasing foul flame when damaged in melee.


Message History

You hit the shadow imp but do no damage.
The liquid fire burns you!
The bombardier beetle bites you but does no damage.
The shadow imp hits you but does no damage.
You hit the bombardier beetle.
The bombardier beetle is lightly wounded.
You hit the shadow imp. The liquid fire burns you! The shadow imp hits you.
The white imp disappears for a moment.
The bombardier beetle sprays incendiary fluid at you.
The burning spray misses you.
You slash the bombardier beetle!
The bombardier beetle is heavily wounded.
You hit the shadow imp. You hit the white imp. The liquid fire burns you!
The shadow imp closely misses you.
The white imp hits you but does no damage.
You hit the shadow imp.
Lightning courses through the shadow imp!
You kill the shadow imp!
You hit the bombardier beetle. You hit the white imp but do no damage.
Lightning courses through the white imp!
You kill the white imp!
The liquid fire burns you! The bombardier beetle bites you.
* * * LOW HITPOINT WARNING * * *
You hit the bombardier beetle.
You kill the bombardier beetle!
The liquid fire burns you!
* * * LOW HITPOINT WARNING * * *
You shake off some of the fire as you move.
The liquid fire burns you!
* * * LOW HITPOINT WARNING * * *
The iguana barely misses you.
You closely miss the iguana. The liquid fire burns you!
* * * LOW HITPOINT WARNING * * *
The iguana bites you.
You die...

...........# ###.......
##..........####..##....
##............##..##
....
...>..........#..###
....
##...............#.##.
..
#......................
#.....†.........#......
........l.......#...##.
##......@....####....#
#....................#
#....#..........##...#
#....#......#....###.#
#..##.......##....
##?#...#.........# #
.....#.......## ##.#
#.....


You could see an iguana.

Vanquished Creatures
  An ogre (D:4)
  3 wights (D:5)
  A bombardier beetle (D:5)
  4 hounds
  An orc priest (D:4)
  2 sleepcaps (D:4)
  An iguana (D:2)
  4 gnolls
  4 adders
  A shadow imp (D:5)
  A white imp (D:5)
  20 orcs
  6 endoplasms
  4 goblins
  9 hobgoblins
  8 kobolds
  A quokka (D:2)
  3 ball pythons
  3 frilled lizards
  4 rats
81 creatures vanquished.

Notes
Turn   | Place    | Note
-------+----------+-------------------------------------------
     0 | D:1      | adelrune the Demonspawn Gladiator began the quest for the
                  | Orb.
     0 | D:1      | Reached XP level 1. HP: 16/16 MP: 1/1
   108 | D:1      | Reached skill level 3 in Axes
   108 | D:1      | Gained mutation: You have a pair of small horns on your
                  | head. [demonic ancestry]
   108 | D:1      | Reached XP level 2. HP: 18/22 MP: 2/2
   616 | D:1      | Reached skill level 1 in Armour
   667 | D:1      | Gained mutation: You have a pair of horns on your head.
                  | [demonic ancestry]
   667 | D:1      | Reached XP level 3. HP: 28/28 MP: 3/3
  1066 | D:2      | Reached skill level 1 in Maces & Flails
  1066 | D:2      | Reached XP level 4. HP: 34/34 MP: 4/4
  1747 | D:3      | Gained mutation: You are faintly shadowed, very rarely
                  | releasing foul flame when damaged in melee. [demonic
                  | ancestry]
  1747 | D:3      | Reached XP level 5. HP: 40/41 MP: 5/5
  2534 | D:4      | Reached skill level 4 in Axes
  2768 | D:4      | Noticed an ogre
  2774 | D:4      | Killed an ogre
  2775 | D:4      | Gained mutation: You have a pair of large horns on your
                  | head. [demonic ancestry]
  2775 | D:4      | Reached XP level 6. HP: 47/47 MP: 6/6
  3302 | D:5      | Entered Level 5 of the Dungeon
  3326 | D:5      | Found a shimmering altar of Xom.
  3327 | D:5      | Found a radiant altar of Vehumet.
  3327 | D:5      | Found a hide-covered altar of Uskayaw.
  3386 | D:5      | Reached skill level 5 in Axes
  3460 | D:5      | Reached XP level 7. HP: 45/54 MP: 7/7
  3587 | D:5      | Slain by an iguana

Illustrated notes

Levels and vault maps discovered:
D:1:      sevenhm_arrival_forest_fort_small_6, layout_loops_ring
D:2:      kennysheep_big_flooded_room, layout_loops_cross, minmay_tetromino_t2
D:3:      layout_basic
D:4:      layout_basic
D:5:      layout_cave_pools, minitemple, minmay_temple_entry_statues,
          chequers_garden, glass_columns_a

Skill      XL: |  1  2  3  4  5  6 |
---------------+-------------------+-----
Axes           | 3 4 5 |  5.5
Armour         | 1 2 3 |  3.4
Maces & Flails | 1 |  1.6
Fighting       | 3 4 |  4.3
Throwing       | |  1.7
Dodging        | |  2.6

Action                     |  1- 3 |  4- 6 |  7- 9 || total
---------------------------+-------+-------+-------++-------
  Melee: War axe           |    21 |       |       ||    21
         Whip              |    23 |    26 |       ||    49
         Headbutt          |     8 |    16 |     6 ||    30
         Hand axe          |       |   102 |    22 ||   124
  Throw: Throwing net      |       |     1 |       ||     1
   Stab: Held in net/web   |       |     2 |       ||     2
 Armour: Leather armour    |    24 |    19 |       ||    43
         Chain mail        |       |    46 |    22 ||    68
  Dodge: Dodged            |    19 |    50 |    12 ||    81

Table legend: (Time is in decaauts)
 A = Elapsed time spent in this place.
 B = Non-inter-level travel time spent in this place.
 C = Inter-level travel time spent in this place.
 D = Time resting spent in this place.
 E = Time spent auto-exploring this place.
 F = Levels seen in this place.
 G = Mean time per level.
                   A        B        C        D        E       F      G
               +--------+--------+--------+--------+--------+-----+--------+
         Total |   3600 |   3440 |    160 |    393 |   2329 |   5 |  720.0 |
       Dungeon |   3600 |   3440 |    160 |    393 |   2329 |   5 |  720.0 |
               +--------+--------+--------+--------+--------+-----+--------+

Top non-repeatable levels by time:
     D:3: 978 daAuts
     D:4: 918 daAuts
     D:2: 719 daAuts
     D:1: 697 daAuts
     D:5: 285 daAuts
